 Dungeon Crawl Stone Soup version 0.30.0-12-gd5a94ecb5d (webtiles) character file.

Game seed: 2844009959319022901

75 DenSaoPin the Insei (level 4, -2/48 HPs)
             Began as a Merfolk Transmuter on May 17, 2023.
             Succumbed to an orc's poison
             ... on level 3 of the Dungeon.
             The game lasted 00:08:18 (1711 turns).

DenSaoPin the Insei (Merfolk Transmuter)            Turns: 1711, Time: 00:08:18

Health: -2/48      AC: 22    Str: 12    XL:     4   Next: 31%
Magic:  5/7        EV:  2    Int: 12    God:
Gold:   93         SH:  0    Dex: 14    Spells: 4/7 levels left

rFire   . .          .
                       - Unarmed
rCold   . . .        (no shield)
rNeg    . . .        (body armour currently unavailable)
rPois   +            (helmet currently unavailable)
rElec   .            p - melded +0 cloak
rCorr   .            e - melded +1 pair of gloves
SInv    .            (boots currently unavailable)
Will    .....        (no amulet)
Stlth   +            (no ring)
HPRegen 0.28/turn    (no ring)
MPRegen 0.10/turn

%: no passive effects
@: brilliant, lethally poisoned (-2 -> -18), tree-form, wereblooded
A: stationary, stasis, torment immunity, boosted hp, (nimble swimmer 2),
(mertail)
a: no special abilities


You were on level 3 of the Dungeon.
You were a tree.
You visited 1 branch of the dungeon, and saw 3 of its levels.

You collected 93 gold pieces.

Inventory:

Missiles
 c - 2 throwing nets
Armour
 a - a +0 robe
 d - a scarf of repulsion
 e - a +1 pair of gloves (melded)
 g - +0 storm dragon scales
 p - a +0 cloak (melded)
Magical Staves
 s - a staff of conjuration
Scrolls
 f - a scroll of vulnerability {unknown}
 i - a scroll of identify {unknown}
 j - a scroll of enchant armour {unknown}
 k - 2 scrolls of immolation {unknown}
 l - 2 scrolls of teleportation {unknown}
 o - 2 scrolls of poison {unknown}
 r - a scroll of noise {unknown}
Potions
 b - a potion of lignification
 h - a potion of might {unknown}
 n - 2 potions of cancellation {unknown}
 q - a potion of berserk rage {unknown}
 t - a potion of degeneration {unknown}


   Skills:
 - Level 1.1 Fighting
 + Level 3.1 Dodging
 + Level 4.4 Unarmed Combat
 - Level 2.0 Spellcasting
 - Level 4.3 Transmutations


You had 4 spell levels left.
You knew the following spells:

 Your Spells              Type           Power      Damage    Failure   Level
a - Beastly Appendage     Tmut           34%        N/A       4%          1
b - Wereblood             Tmut           17%        N/A       7%          2

Your spell library contained the following spells:

 Spells                   Type           Power      Damage    Failure   Level
 Spider Form              Tmut/Pois      9%         N/A       34%         3
 Ice Form                 Ice/Tmut       9%         N/A       75%         4
 Summon Forest            Summ/Tloc      0%         N/A       100%        5
 Eringya's Noxious Bog    Tmut/Pois      4%         N/A       100%        6
 Summon Hydra             Summ           0%         N/A       100%        7


Dungeon Overview and Level Annotations

Branches:
Dungeon (3/15)

Altars:


Innate Abilities, Weirdness & Mutations

You are a tree.
Your roots penetrate the ground, keeping you stationary.
You cannot be teleported.
You are immune to unholy pain and torment.
Your maximum health is greatly increased.
Your equipment is partially melded.
((You are very nimble when in or above water. (Stealth+, EV+, Speed+++)))
((Your lower body shifts to a powerful aquatic tail in water.))


Message History

You turn into a tree.
Your +0 cloak melds into your body.
Your +1 pair of gloves melds into your body.
Your roots penetrate the ground.
You feel sick. The orc hits you with a +0 falchion.
* * * LOW HITPOINT WARNING * * *
The orc hits you but does no damage. x2
You hit the orc but do no damage.
The orc is moderately wounded.
You feel sick. The orc hits you but does no damage. The orc barely misses you.
The orc hits you but does no damage.
You hit the orc but do no damage.
The orc is moderately wounded.
You feel sick. The orc hits you but does no damage. x3
You hit the orc but do no damage.
The orc is moderately wounded.
You feel sick. The orc hits you but does no damage.
You are lethally poisoned!
The orc hits you but does no damage. x2
You hit the orc.
You feel a bit better.
You kill the orc!
* * * LOW HITPOINT WARNING * * *
You feel sick. The orc hits you but does no damage. x2
You smack the orc!
You feel a bit better.
You kill the orc!
* * * LOW HITPOINT WARNING * * *
You feel very sick. The orc hits you but does no damage.
You are more poisoned.
You barely miss the orc.
* * * LOW HITPOINT WARNING * * *
You feel very sick. The orc hits you but does no damage.
You are more poisoned.
You pummel the orc!!
You feel a bit better.
You kill the orc!
* * * LOW HITPOINT WARNING * * *
You feel very sick.
It was a potion of brilliance.
You feel clever all of a sudden.
You die...

.. ... ....
...[.############
#.............#
#.............#
##.$..........#
#..........))#
###........)♣#
############


There were no monsters in sight!

Vanquished Creatures
  An adder (D:2)
  A dart slug (D:2)
  5 orcs
  5 bats
  2 endoplasms
  2 giant cockroaches (D:2)
  5 goblins
  6 hobgoblins
  4 jackals (D:1)
  3 quokkas
  7 ball pythons
  2 frilled lizards (D:1)
  3 kobolds
  6 rats
52 creatures vanquished.

Notes
Turn   | Place    | Note
-------+----------+-------------------------------------------
     0 | D:1      | DenSaoPin the Merfolk Transmuter began the quest for the
                  | Orb.
     0 | D:1      | Reached XP level 1. HP: 15/15 MP: 3/3
   175 | D:1      | Reached XP level 2. HP: 21/21 MP: 5/5
   425 | D:1      | Reached XP level 3. HP: 25/26 MP: 6/6
  1055 | D:2      | Reached XP level 4. HP: 32/32 MP: 7/7
  1532 | D:2      | Learned a level 2 spell: Wereblood
  1709 | D:3      | HP: 2/48 [poisoned by an orc]
  1711 | D:3      | Succumbed to an orc's poison

Illustrated notes

Levels and vault maps discovered:
D:1:      eino_arrival_cavern_d, layout_basic
D:2:      kennysheep_six_static_rooms, layout_basic
D:3:      layout_basic, minivault_4, kennysheep_jessica_study

Skill      XL: |  1  2  3  4 |
---------------+-------------+-----
Transmutations | 3 4 |  4.3
Unarmed Combat | 4 |  4.4
Dodging        | 3 |  3.1
Fighting       | |  1.1
Spellcasting   | |  2.0

Action                     |  1- 3 |  4- 6 || total
---------------------------+-------+-------++-------
  Melee: Unarmed           |   125 |    57 ||   182
         Punch             |     2 |       ||     2
   Cast: Beastly Appendage |       |     1 ||     1
         Wereblood         |       |     1 ||     1
    Use: Potion            |       |     2 ||     2
 Armour: Robe              |     8 |       ||     8
         Storm dragon scal |   112 |    34 ||   146
         Skin              |       |    14 ||    14
  Dodge: Dodged            |    60 |    31 ||    91
